Map: Thunderbird LE

Players

DarwinAwdWnr - Winner!

  • Race: Zerg Zerg
  • League: Platinum
  • Spawn Location: 5:00

WordPerfect

  • Race: Protoss Protoss
  • League: Gold
  • Spawn Location: 11:00

VOD

Have the link to the VOD?

Description

Time

  • Played on: June 14, 2019, 11:36 p.m.
  • Length: 14:30
Show
View Real Time Build Order
Export as new Build Order

DarwinAwdWnr Zerg - Winner!

Build Orders: Hatch First, Roach Nydus 

Get SALT Encoding   

  12  0:01  Drone  
  13  0:17  Drone  
  13  0:18  Overlord  
  14  0:39  Drone x2  
  16  0:55  Hatchery  
  15  0:58  Drone x2  
  15  1:03  Drone  
  18  1:07  Extractor  
  17  1:11  Drone  
  18  1:21  Spawning Pool  
  17  1:34  Drone x2  
  19  1:45  Drone  
  20  1:54  Hatchery  
  20  2:08  Zergling x4  
  20  2:11  Zergling x2  
  22  2:15  Queen  
  22  2:21  Drone  
  22  2:22  Drone  
  26  2:24  Queen  
  28  2:53  Overlord x2  
  28  2:57  Lair  
  28  3:06  Drone x4  
  28  3:08  Overlord  
  32  3:16  Queen  
  34  3:24  Drone  
  34  3:25  Drone x2  
  37  3:27  Drone  
  37  3:29  Drone  
  39  3:49  Roach Warren  
  39  3:51  Extractor  
  37  3:56  Drone x9  
  46  4:03  Queen  
  46  4:07  Overlord  
  48  4:39  Nydus Network  
  48  4:40  Roach  
  48  4:41  Roach x7  
  48  4:44  Overlord x2, Roach  
  65  5:02  Roach  
  65  5:03  Roach x3  
  65  5:04  Zergling x2  
  65  5:05  Zergling x10  
  79  5:16  Nydus Canal  
  79  5:20  Roach  
  81  5:22  Zergling x2  
  81  5:23  Overlord x2  
  82  5:45  Drone  
  82  5:46  Drone x9  
  88  6:05  Nydus Canal  
  80  6:13  Spore Crawler  
  51  6:38  Hydralisk Den  
  41  6:56  Drone x9  
  41  6:58  Queen x2  
  41  6:59  Queen  
  56  7:08  Hydralisk x2  
  56  7:09  Hydralisk  
  62  7:15  Spore Crawler  
  61  7:29  Hydralisk x7  
  73  7:47  Hydralisk x2  
  69  8:12  Nydus Canal  
  68  8:13  Hydralisk x3  
  68  8:18  Queen x2, Extractor  
  68  8:19  Extractor  
  76  8:33  Hatchery  
  75  8:51  Hydralisk  
  75  8:52  Hydralisk x3  
  75  8:54  Overlord x2  
  83  9:12  Queen x2  
  83  9:13  Drone  
  83  9:14  Drone  
  89  9:23  Muscular Augments  
  89  9:46  Hydralisk x3  
  89  9:47  Hydralisk  
  97  9:55  Queen  
  97  9:56  Evolution Chamber, Extractor  
  97  9:57  Evolution Chamber  
  97  9:58  Overlord x2  
  96  10:00  Extractor  
  95  10:13  Hydralisk  
  97  10:18  Queen x2  
  101  10:28  Hydralisk  
  101  10:29  Hydralisk  
  101  10:32  Drone  
  101  10:33  Overlord x4  
  106  10:38  Overseer  
  106  10:42  Zerg Missile Weapons Level 1  
  106  10:43  Zerg Ground Armor Level 1  
  106  10:45  Overlord x2  
  106  10:50  Queen  
  106  10:55  Hydralisk x8  
  124  11:19  Hydralisk x8  
  139  11:56  Queen x3  
  145  12:19  Overlord x3  
  145  12:25  Nydus Canal  
  145  12:31  Hatchery  
  144  12:38  Hydralisk  
  144  12:39  Hydralisk x8  
  120  13:26  Hydralisk x5  
  120  13:27  Hydralisk x3  
  126  13:37  Hydralisk  
  126  13:38  Hydralisk x2  
Show
View Real Time Build Order
Export as new Build Order

WordPerfect Protoss 

Build Orders: 1 Gate Expand 

Get SALT Encoding   

  12  0:00  Probe  
  13  0:13  Probe  
  14  0:22  Pylon  
  14  0:25  Probe  
  15  0:40  Probe  
  16  0:47  Gateway  
  16  0:52  Probe  
  17  1:04  Probe  
  18  1:24  Nexus  
  18  1:37  Cybernetics Core  
  18  1:40  Probe  
  18  1:46  Assimilator  
  19  1:50  Probe  
  20  1:58  Probe  
  20  2:01  Assimilator  
  20  2:07  Probe  
  21  2:13  Pylon  
  22  2:17  Probe  
  22  2:19  Cybernetics Core, Warp Gate  
  23  2:27  Zealot, Probe  
  23  2:36  Probe  
  26  2:48  Probe  
  27  2:52  Probe  
  28  3:00  Probe  
  28  3:04  Probe  
  30  3:06  Protoss Air Weapons Level 1  
  30  3:08  Stalker  
  32  3:12  Probe  
  32  3:16  Probe  
  34  3:25  Probe  
  35  3:28  Assimilator, Probe  
  35  3:29  Assimilator  
  36  3:36  Shield Battery  
  36  3:37  Probe  
  36  3:40  Probe  
  38  3:49  Probe  
  38  3:52  Probe  
  40  3:57  Pylon  
  40  4:01  Probe  
  40  4:02  Stargate x2  
  41  4:04  Probe  
  41  4:09  Sentry  
  44  4:13  Probe  
  44  4:16  Probe, Pylon  
  46  4:22  Pylon  
  46  4:23  Probe  
  46  4:26  Probe  
  48  4:31  Probe  
  48  4:34  Probe  
  48  4:35  Pylon  
  50  4:47  Oracle x2  
  50  4:51  Protoss Air Armor Level 1  
  56  4:57  Probe  
  57  5:02  Stalker  
  59  5:08  Gateway  
  59  5:15  Gateway  
  59  5:16  Pylon  
  59  5:21  Void Ray x2, Probe  
  59  5:24  Pylon  
  68  5:42  Zealot  
  69  6:11  Void Ray  
  69  6:13  Void Ray  
  68  6:25  Probe  
  69  6:51  Nexus  
  69  7:02  Probe  
  70  7:14  Probe  
  71  7:19  Pylon  
  71  7:20  Pylon  
  71  7:26  Probe  
  71  7:27  Pylon  
  71  7:37  Void Ray x2  
  71  7:38  Probe  
  71  7:39  Pylon  
  80  7:45  Pylon  
  72  8:09  Probe x2  
  74  8:20  Void Ray x2  
  74  8:21  Probe  
  73  8:59  Zealot x3  
  78  9:02  Void Ray x2  
  85  9:10  Nexus  
  85  9:16  Probe  
  86  9:28  Probe  
  84  9:49  Probe  
  85  9:59  Nexus  
  85  10:01  Probe  
  85  10:03  Void Ray  
  86  10:13  Probe  
  91  10:25  Void Ray  
  91  10:26  Zealot x3  
  97  10:40  Assimilator  
  101  10:44  Assimilator  
  101  10:45  Probe, Pylon  
  101  10:46  Probe  
  103  10:57  Pylon  
  103  11:14  Zealot x2  
  103  11:15  Zealot  
  109  11:25  Fleet Beacon  
  109  11:26  Stargate  
  109  11:42  Void Ray x2  
  113  12:08  Zealot x3  
  119  12:11  Probe x3  
  122  12:23  Probe x3  
  122  12:25  Void Ray, Stargate  
  129  12:33  Zealot x3  
  135  12:55  Pylon  
  135  12:57  Void Ray, Pylon  
  139  13:09  Void Ray  
  131  13:16  Void Ray  
  121  13:22  Zealot x3  
  123  13:29  Void Ray  
  91  13:49  Shield Battery  
  91  13:50  Shield Battery  
  91  13:52  Zealot x3  
  83  14:17  Zealot x3  
Tags
 
Add a new tag
Caveats
  • Supply blocks, unpowered buildings, or Contaminate may cause inaccurate times.
  • Supply counts are checked every 10 seconds.